[Event "27th OIBM 2024"]
[Site "Gmund am Tegernsee"]
[Date "2024.10.27"]
[Round "2.9"]
[White "Quparadze, Giga"]
[Black "Lindam, Ingo"]
[Result "1-0"]
[ECO "B40"]
[WhiteElo "2522"]
[BlackElo "2160"]
[Annotator "TA"]
[PlyCount "63"]
[EventDate "2024.09.16"]
[EventType "swiss"]
[EventCountry "GER"]
[SourceTitle "playchess.com"]
[Source "ChessBase"]
[SourceQuality "1"]
[TimeControl "40/5400+30:1800+30"]

1. e4 c5 2. Nf3 e6 3. g3 d5 4. exd5 exd5 5. Bg2 Nc6 6. O-O Bg4 7. h3 Bh5 (7... Be6 $11) 8. d4 $14 {[%emt 0:01:09] White is slightly better.} cxd4 9. g4 Bg6 10. Nxd4 Nf6 {[%emt 0:09:46] [#]} 11. c4 $1 Be4 (11... Bc5 12. Qe2+) 12. Nxc6 (12. g5 $16 {Threatens to win with Nc3.} Bxg2 13. Kxg2) 12... bxc6 13. Qa4 Qd7 14. g5 Bxg2 15. Kxg2 Ne4 16. cxd5 $1 cxd5 17. Qxd7+ Kxd7 18. Rd1 Rc8 19. Rxd5+ Ke6 20. Rd1 Rc2 {[%emt 0:07:39] [#]} (20... Bc5 $11) 21. Nd2 $1 $36 {[%emt 0:00:35][%mdl 2048] Keeping Black busy.} Nxd2 (21... Nxg5 $2 {is the wrong capture.} 22. h4 $18) 22. Rxd2 Rxd2 23. Bxd2 {[%emt 0:00:04][%mdl 4096] Endgame. KRB-KRB} Bc5 24. Re1+ Kf5 25. Bc3 f6 {[%emt 0:00:59] Against Re5+} 26. Rd1 Kg6 {[%emt 0:02:18] This move loses the game for Black.} (26... Ke6 $16 {keeps fighting.} 27. gxf6 gxf6) 27. Rd5 Rc8 28. h4 h5 (28... h6 {was called for.} 29. gxf6 gxf6 30. h5+ Kf7 31. Rd7+ Ke6) 29. f4 $18 Kf7 30. Rd7+ Kg6 31. Kf3 Re8 $2 {[%emt 0:00:31] [#]} (31... Bb6 32. Rd5 f5 33. Rd6+ Kf7 34. Rd7+ Ke6 35. Rxg7 Rd8 36. Rg6+ Kf7 37. Rf6+ Kg8 38. Rxf5 Rd6) 32. f5+ $1 {[%emt 0:00:07][%mdl 512] Weighted Error Value: White=0.09 (flawless) /Black=0.28 (precise) .  Mistake:       	White=1     	Black=5      Inaccurate:     	White=2     	Black=3      OK:         	White=12    	Black=10     Best:        	---       	Black=3      Strong:       	White=2     	---        Brilliant:      	White=1     	---} 1-0

[Event "27th OIBM 2024"]
[Site "Gmund am Tegernsee"]
[Date "2024.10.27"]
[Round "2.10"]
[White "Latzke, Boris"]
[Black "Heberla, Bartlomiej"]
[Result "1/2-1/2"]
[ECO "D35"]
[WhiteElo "2166"]
[BlackElo "2501"]
[Annotator "RC"]
[PlyCount "157"]
[EventDate "2024.09.16"]
[EventType "swiss"]
[EventCountry "GER"]
[SourceTitle "playchess.com"]
[Source "ChessBase"]
[SourceQuality "1"]
[TimeControl "40/5400+30:1800+30"]

1. d4 Nf6 2. c4 e6 3. Nf3 d5 4. Nc3 Nbd7 5. cxd5 exd5 6. Bg5 c6 7. e3 Be7 8. Bd3 Ne4 9. Bxe7 Qxe7 10. Bxe4 dxe4 11. Nd2 Nf6 12. O-O Bf5 13. Nc4 O-O 14. Qe2 Rad8 15. h3 Rfe8 16. Rfd1 Nd5 17. a3 Qg5 18. Kh2 Re6 19. Rac1 h5 20. Rd2 h4 21. Rdc2 Qe7 22. Nxd5 Rxd5 23. Nd2 g5 24. Rc5 Rg6 25. Rxd5 cxd5 26. f3 exf3 27. Qxf3 Be6 28. e4 dxe4 29. Qxe4 Qd6+ 30. Qe5 Qxe5+ 31. dxe5 Bd5 32. Nf1 Re6 33. Ne3 Rxe5 34. Ng4 Re6 35. Rc5 Bc6 36. Rxg5+ Kf8 37. Rf5 Re2 38. Rf2 Re1 39. Nh6 Bd5 40. Nf5 a5 41. Rd2 Re5 42. Nxh4 Ke7 43. Nf3 Bxf3 44. gxf3 Rb5 45. Kg3 Kf6 46. h4 Kg6 47. Kg4 f6 48. Rh2 Kh6 49. Kf4 Kh5 50. Ke4 Re5+ 51. Kd4 Rf5 52. Ke4 Re5+ 53. Kf4 Rb5 54. Re2 Kg6 55. Kg4 a4 56. Rd2 b6 57. Kf4 Rf5+ 58. Ke4 Re5+ 59. Kf4 Rf5+ 60. Kg4 Rb5 61. Rd4 Rxb2 62. Rxa4 Rg2+ 63. Kf4 Rh2 64. Kg3 Ra2 65. Ra6 Kf5 66. Rxb6 Rxa3 67. Rb5+ Kg6 68. Kg4 Ra1 69. h5+ Kh6 70. Rb6 Rg1+ 71. Kf5 Kxh5 72. f4 Kh6 73. Rxf6+ Kg7 74. Ra6 Rf1 75. Ra7+ Kf8 76. Kg5 Rb1 77. f5 Rb6 78. Rc7 Ra6 79. Rb7 1/2-1/2

[Event "27th OIBM 2024"]
[Site "Gmund am Tegernsee"]
[Date "2024.10.27"]
[Round "2.11"]
[White "Cordes, Hans-Joerg"]
[Black "Deuer, Marius"]
[Result "0-1"]
[ECO "D05"]
[WhiteElo "2161"]
[BlackElo "2477"]
[Annotator "TA"]
[PlyCount "74"]
[EventDate "2024.09.16"]
[EventType "swiss"]
[EventCountry "GER"]
[SourceTitle "playchess.com"]
[Source "ChessBase"]
[SourceQuality "1"]
[TimeControl "40/5400+30:1800+30"]

1. d4 Nf6 2. Nf3 e6 3. e3 b6 4. Bd3 Bb7 5. O-O d5 6. Ne5 Bd6 7. f4 Ne4 8. Nd2 O-O {[%emt 0:03:43] The position is equal.} 9. Nxe4 dxe4 10. Be2 c5 11. b3 f6 12. Nc4 Be7 13. dxc5 Bxc5 14. Qxd8 Rxd8 15. Ba3 Bxa3 16. Nxa3 Ba6 17. Nb5 Nc6 (17... Rd2 $2 18. Rfd1 Rxe2 19. Nc7 $18) 18. Rf2 Bxb5 19. Bxb5 Nb4 20. Bc4 Nd5 21. Rd1 Nc3 $36 {[%emt 0:08:21][%mdl 2048] White is under pressure.} 22. Bxe6+ Kf8 23. Rd4 Ke7 24. f5 Rxd4 25. exd4 $15 {[%emt 0:00:06][%mdl 4096] Endgame. KRB-KRN} Rd8 (25... Nxa2 26. Re2 $16) 26. d5 Kd6 $1 $17 {[%emt 0:01:39][%cal Od6e5] Black has more active pieces.} (26... Nxd5 27. Bxd5 Rxd5 28. Rf4 $15) (26... Nxa2 $6 27. Re2 $11) 27. Rd2 {[%emt 0:01:37] [#]} Ke5 $1 (27... Nxa2 28. Rd4 Ke5 29. Rc4 $15 (29. Ra4 Nc3 $11)) 28. Kf2 g6 29. fxg6 (29. g4 $17 {is a better defense.}) 29... hxg6 $19 30. g3 g5 {[%emt 0:04:23][%cal Of6f5][%mdl 1024] Black has strong compensation.} (30... Nxd5 31. Rxd5+ Rxd5 32. Bxd5 Kxd5 33. Ke3 $15) 31. g4 Rh8 (31... Nxd5 32. Rxd5+ Rxd5 33. Bxd5 Kxd5 34. Ke3 $16) (31... Nxa2 $19 {...Nc3 is the strong threat.} 32. Ke1 Nc3) 32. Kg3 (32. Kf1 $17 {was called for.}) 32... e3 (32... Nxa2 $19 {Hoping for ...Nc3.} 33. Bf7 f5 (33... Nc3 34. d6 $15) 34. gxf5 Nc3) 33. Rd3 $15 Ne4+ ({Black should try} 33... Ne2+ $15 34. Kf3 Nd4+ (34... Rxh2 $2 {perishes.} 35. Rxe3+ Kd6 36. Rxe2 $18) 35. Kxe3 Rh3+ (35... Nxe6 36. dxe6 Kxe6 37. Rd2 $11) (35... Nxc2+ 36. Kf2 $11) (35... Rxh2 36. Rd1 $15) 36. Kd2 Rxh2+ 37. Kd1 Nxe6 (37... Nxc2 38. d6 $11) (37... Rxc2 $2 38. Rxd4 Rc3 39. Rd2 $18) 38. dxe6 Kxe6) 34. Kg2 $11 Kf4 35. d6 $2 {[%emt 0:00:08][%mdl 8192] [#]} (35. Bf5 $1 $11 {and White stays safe.} Nd6 36. Rd4+ Ke5 37. Rd3) 35... Nc5 $1 $19 36. Bf5 Nxd3 37. cxd3 e2 {[%emt 0:00:11] Weighted Error Value: White=0.56/Black=0.16 (very precise) .  Loses game:     	White=1     	---        Mistake:       	White=3     	Black=3      Inaccurate:     	White=5     	Black=2      OK:         	White=4     	Black=12     Best:        	White=3     	---        Strong:       	---       	Black=3} 0-1

[Event "27th OIBM 2024"]
[Site "Gmund am Tegernsee"]
[Date "2024.10.27"]
[Round "2.12"]
[White "Costa, Leonardo"]
[Black "Lederle, Vitus"]
[Result "1-0"]
[ECO "B45"]
[WhiteElo "2472"]
[BlackElo "2157"]
[Annotator "TA"]
[PlyCount "87"]
[EventDate "2024.09.16"]
[EventType "swiss"]
[EventCountry "GER"]
[SourceTitle "playchess.com"]
[Source "ChessBase"]
[SourceQuality "1"]
[TimeControl "40/5400+30:1800+30"]

1. e4 c5 2. Nf3 e6 3. d4 cxd4 4. Nxd4 Nf6 5. Nc3 Nc6 6. Ndb5 Bc5 7. Bf4 {[%emt 0:00:04] [#] Hoping for Nc7+.} (7. Nd6+ {feels hotter.} Ke7 8. Bf4 e5 9. Nf5+) 7... O-O 8. Bc7 Qe7 {[%emt 0:00:08] ...d5 is the strong threat.} 9. Bd6 Bxd6 {[%emt 0:00:10] White is slightly better.} 10. Qxd6 Ne8 11. Qxe7 Nxe7 12. O-O-O f5 13. Nd6 Nxd6 14. Rxd6 fxe4 15. Nxe4 Nf5 16. Rd2 d5 17. Ng5 Nh4 18. g3 Nf3 19. Nxf3 Rxf3 20. Bg2 Rf7 21. f4 g6 22. h4 h5 23. Re1 Rc7 24. Bf1 Bd7 25. Re5 Rf8 26. Bd3 Rf6 27. Rg2 Be8 28. Kd2 a6 29. Rge2 Kf7 30. R2e3 Bc6 31. Bf1 {[%emt 0:11:37] White is much more active.} Bd7 {[%emt 0:03:36] [#]} (31... d4 $16 32. Re1 Bf3) 32. Rc3 $1 $18 Rxc3 33. Kxc3 {[%emt 0:00:04][%mdl 4096] Endgame. KRB-KRB} Ke7 34. Kd4 Kd6 35. Bd3 (35. Rg5 $18) 35... Bc6 (35... Bb5 $16) 36. b4 $2 ({Better is} 36. Rg5 $18 Be8 37. b3) 36... Bd7 (36... Bb5 $14) 37. Rg5 Be8 38. a4 {[%emt 0:07:01][%cal Ba2a4,Ba4a5][%mdl 32] a5 would now be deadly.} Bf7 $2 {[%emt 0:03:30] Loses the game.} (38... b6 $16 {is a better defense.} 39. c3 (39. Bxa6 Bxa4 40. Bd3 Be8 $16) 39... Bxa4 40. Bxg6 (40. Rxg6 Rxg6 41. Bxg6 Bd1 $11) 40... Rf8 41. Bxh5 (41. Rxh5 Be8 $18) 41... Bb5) 39. a5 Be8 40. c3 Bf7 41. c4 dxc4 42. Bxc4 Be8 43. Bd3 Ke7 (43... Rf8 $142 44. Bxg6 Bxg6) 44. Be4 {[%emt 0:00:00] Weighted Error Value: White=0.15 (very precise) /Black=0.30.  Loses game:     	---       	Black=1      Missed win:     	White=1     	---        Mistake:       	White=1     	Black=4      Inaccurate:     	---       	Black=3      OK:         	White=17    	Black=15} 1-0

[Event "27th OIBM 2024"]
[Site "Gmund am Tegernsee"]
[Date "2024.10.27"]
[Round "2.13"]
[White "Kull, Florian"]
[Black "Schneider, Ilja"]
[Result "0-1"]
[ECO "A05"]
[WhiteElo "2144"]
[BlackElo "2449"]
[Annotator "TA"]
[PlyCount "76"]
[EventDate "2024.09.16"]
[EventType "swiss"]
[EventCountry "GER"]
[SourceTitle "playchess.com"]
[Source "ChessBase"]
[SourceQuality "1"]
[TimeControl "40/5400+30:1800+30"]

1. Nf3 Nf6 2. g3 b5 3. Bg2 Bb7 4. O-O e6 5. b3 c5 6. c4 bxc4 7. bxc4 Be7 8. Nc3 {[%emt 0:00:19][%cal Bb1c3,Bc3b5,Bb5d4][%mdl 32] White has an edge.} Nc6 9. Rb1 Rb8 10. d3 ({White should try} 10. d4 $1 $14 cxd4 11. Nxd4) 10... O-O $11 11. Bb2 (11. Bf4 $5 d6 $8 12. Qa4 $14) 11... Nd4 12. Nxd4 cxd4 13. Nb5 Bxg2 14. Kxg2 Bc5 {[%emt 0:00:05] [#]} 15. e3 $1 dxe3 16. fxe3 a6 (16... Bxe3 17. Rxf6 gxf6 18. Qf3 $18) 17. Nd4 Qa5 18. a4 (18. Rf2 $11) 18... Be7 $15 19. h3 Rb6 20. Bc3 Qc5 21. Rxb6 Qxb6 22. Rf2 d5 23. Rb2 Qc7 24. Qb3 Rc8 (24... dxc4 {simplifies} 25. Qxc4 Qxc4 26. dxc4 Rc8) 25. Qb7 {[%emt 0:02:01] And now Qxc7 would win.} (25. cxd5 $5 Nxd5 (25... Qxc3 26. Rc2 $16) 26. Bd2 $11) 25... dxc4 26. Qxc7 Rxc7 27. Rb8+ Bf8 28. Ba5 $1 Rc5 (28... cxd3 $1 $15 29. Bxc7 d2) 29. Bb4 $18 Nd7 {[%emt 0:00:05] [#]} 30. Bxc5 $4 (30. Rd8 $1 $18 {[%cal Rd8d7] is the narrow road to win.} Rc7 31. dxc4) 30... Nxb8 $19 31. Bxf8 Kxf8 32. dxc4 $18 {[%emt 0:00:08][%mdl 4096] Endgame. KN-KN} Ke7 33. Kf3 (33. c5 $142) 33... Kd6 $19 34. Nb3 Nd7 35. a5 Ne5+ 36. Ke4 Nxc4 37. Kd4 Ne5 38. Nc5 $2 (38. h4) 38... Nc6+ {[%emt 0:00:06] Weighted Error Value: White=0.39/Black=0.15 (very precise) .  Loses game:     	---       	Black=1      Missed win:     	White=1     	---        Mistake:       	White=4     	---        Inaccurate:     	White=3     	Black=2      OK:         	White=8     	Black=14     Best:        	White=3     	Black=4      Strong:       	White=1     	---} 0-1

[Event "27th OIBM 2024"]
[Site "Gmund am Tegernsee"]
[Date "2024.10.27"]
[Round "2.14"]
[White "Huber, Benedikt"]
[Black "Heinz, Axel"]
[Result "0-1"]
[ECO "D30"]
[WhiteElo "2299"]
[BlackElo "2412"]
[Annotator "RC"]
[PlyCount "104"]
[EventDate "2024.09.16"]
[EventType "swiss"]
[EventCountry "GER"]
[SourceTitle "playchess.com"]
[Source "ChessBase"]
[SourceQuality "1"]
[TimeControl "40/5400+30:1800+30"]

1. Nf3 Nf6 2. d4 e6 3. c4 d5 4. cxd5 exd5 5. Bg5 Be7 6. e3 O-O 7. Bd3 Be6 8. O-O Nbd7 9. Nc3 c6 10. Qc2 h6 11. Bh4 Bd6 12. Rfc1 a5 13. Rab1 Bg4 14. Nd2 Qb8 15. Bg3 Bxg3 16. hxg3 Qd6 17. Na4 Qe7 18. a3 Rfc8 19. b4 axb4 20. axb4 b5 21. Nc5 Nb6 22. e4 Nc4 23. e5 Nd7 24. Nxc4 dxc4 25. Bh7+ Kh8 26. Bf5 Bxf5 27. Qxf5 Nb6 28. Ne4 Nd5 29. Nd6 Rf8 30. Qg4 Qe6 31. Qh5 Kg8 32. f4 Ra2 33. f5 Qd7 34. Ra1 Rfa8 35. Rxa2 Rxa2 36. Re1 Ra8 37. Re4 Nf6 38. exf6 Qxd6 39. fxg7 Qxg3 40. Qd1 Ra2 41. Qf1 Kxg7 42. f6+ Kh7 43. Qf5+ Qg6 44. Qf3 c3 45. Re1 Rd2 46. Rc1 c2 47. Kh2 Rxd4 48. g3 Rd2+ 49. Kg1 h5 50. Kf1 Qg4 51. Qe3 Qd1+ 52. Rxd1 cxd1=Q+ 0-1

[Event "27th OIBM 2024"]
[Site "Gmund am Tegernsee"]
[Date "2024.10.27"]
[Round "2.15"]
[White "Kerpe, Andreas"]
[Black "Colpe, Malte"]
[Result "0-1"]
[ECO "B21"]
[WhiteElo "2139"]
[BlackElo "2371"]
[Annotator "RC"]
[PlyCount "66"]
[EventDate "2024.09.16"]
[EventType "swiss"]
[EventCountry "GER"]
[SourceTitle "playchess.com"]
[Source "ChessBase"]
[SourceQuality "1"]
[TimeControl "40/5400+30:1800+30"]

1. e4 c5 2. d3 Nc6 3. Be2 e6 4. f4 d5 5. Nf3 Bd6 6. O-O Nge7 7. a4 O-O 8. c3 f6 9. Na3 a6 10. Be3 Qc7 11. g3 Bd7 12. Qd2 Rab8 13. Nc2 e5 14. f5 d4 15. Bf2 Na5 16. Ra2 Be8 17. Na1 Bf7 18. c4 Nec6 19. b3 b5 20. axb5 axb5 21. Rb2 Rb6 22. Rc2 Rfb8 23. g4 Nxb3 24. Nxb3 bxc4 25. Nxc5 c3 26. Rxc3 dxc3 27. Qxc3 Nd4 28. Nxd4 Bxc5 29. Rc1 Rc8 30. Qxc5 Qxc5 31. Rxc5 Rb1+ 32. Kg2 Rxc5 33. Nf3 Rc2 0-1

[Event "27th OIBM 2024"]
[Site "Gmund am Tegernsee"]
[Date "2024.10.27"]
[Round "2.16"]
[White "Turel, Tugrul"]
[Black "Schramm, Christian"]
[Result "1/2-1/2"]
[ECO "B38"]
[WhiteElo "2135"]
[BlackElo "2361"]
[Annotator "RC"]
[PlyCount "100"]
[EventDate "2024.09.16"]
[EventType "swiss"]
[EventCountry "GER"]
[SourceTitle "playchess.com"]
[Source "ChessBase"]
[SourceQuality "1"]
[TimeControl "40/5400+30:1800+30"]

1. e4 c5 2. Nf3 g6 3. c4 Bg7 4. d4 cxd4 5. Nxd4 Nc6 6. Be3 Nf6 7. Nc3 Nxd4 8. Bxd4 d6 9. Be2 O-O 10. O-O Be6 11. Qd3 Nd7 12. f4 Bxd4+ 13. Qxd4 Qb6 14. Qxb6 Nxb6 15. Nd5 Bxd5 16. exd5 Rfc8 17. Rfc1 a5 18. Kf2 Rc7 19. b3 Nd7 20. Ke3 Nc5 21. Rab1 Re8 22. Bf3 Kg7 23. g3 h6 24. a3 Rec8 25. b4 axb4 26. axb4 Nd7 27. Kd4 b5 28. Be2 e5+ 29. dxe6 fxe6 30. Rb3 e5+ 31. fxe5 dxe5+ 32. Ke4 bxc4 33. Rbc3 Nf6+ 34. Kf3 Nd5 35. Rxc4 Rxc4 36. Rxc4 Rxc4 37. Bxc4 Nxb4 38. Ke4 Kf6 39. h4 Nc6 40. g4 Nd4 41. g5+ hxg5 42. hxg5+ Kxg5 43. Kxe5 Nf3+ 44. Ke6 Kf4 45. Kf6 g5 46. Be6 Ne5 47. Bc8 Ng4+ 48. Kg6 Ne3 49. Be6 g4 50. Bxg4 Ke5 1/2-1/2

[Event "27th OIBM 2024"]
[Site "Gmund am Tegernsee"]
[Date "2024.10.27"]
[Round "2.17"]
[White "Fuhrmann, Bahne"]
[Black "Womacka, Mathias"]
[Result "1/2-1/2"]
[ECO "A63"]
[WhiteElo "2132"]
[BlackElo "2345"]
[Annotator "RC"]
[PlyCount "112"]
[EventDate "2024.09.16"]
[EventType "swiss"]
[EventCountry "GER"]
[SourceTitle "playchess.com"]
[Source "ChessBase"]
[SourceQuality "1"]
[TimeControl "40/5400+30:1800+30"]

1. d4 Nf6 2. c4 e6 3. g3 c5 4. d5 exd5 5. cxd5 d6 6. Nc3 g6 7. Bg2 Bg7 8. Nf3 O-O 9. O-O Nbd7 10. a4 a6 11. Bf4 Qe7 12. Re1 Ng4 13. Bg5 f6 14. Bd2 Nge5 15. Qc2 Nc4 16. Bc1 Nde5 17. Rb1 Nxf3+ 18. Bxf3 Ne5 19. Bg2 Bd7 20. b4 b6 21. bxc5 bxc5 22. Bf4 f5 23. Qd2 Rab8 24. Rec1 Rfc8 25. a5 Qd8 26. Qa2 Rb4 27. Rxb4 cxb4 28. Nd1 Rxc1 29. Bxc1 Bb5 30. e4 fxe4 31. Bxe4 Nc4 32. Bd3 Nxa5 33. Bxb5 axb5 34. Bd2 b3 35. Qxa5 Qxa5 36. Bxa5 b2 37. Nxb2 Bxb2 38. Bb4 Be5 39. Kg2 g5 40. Kf3 Kf7 41. Kg4 Bf6 42. Bxd6 Be7 43. Be5 b4 44. Kf5 b3 45. Bb2 g4 46. Kxg4 Bf6 47. Ba3 Kg6 48. Kf4 b2 49. Bxb2 Bxb2 50. d6 Kf6 51. d7 Ke7 52. Kf5 Kxd7 53. h4 Bd4 54. f4 Bf2 55. Kg5 Bxg3 56. Kh6 Bxh4 1/2-1/2

[Event "27th OIBM 2024"]
[Site "Gmund am Tegernsee"]
[Date "2024.10.27"]
[Round "2.18"]
[White "Dolzhykova, Kateryna"]
[Black "Nagel, Bernhard"]
[Result "1-0"]
[ECO "B12"]
[WhiteElo "2345"]
[BlackElo "2154"]
[Annotator "RC"]
[PlyCount "71"]
[EventDate "2024.09.16"]
[EventType "swiss"]
[EventCountry "GER"]
[SourceTitle "playchess.com"]
[Source "ChessBase"]
[SourceQuality "1"]
[TimeControl "40/5400+30:1800+30"]

1. e4 c6 2. d4 d5 3. e5 Bf5 4. Nc3 Qb6 5. g4 Bd7 6. Bg2 e6 7. Nge2 c5 8. Be3 Nc6 9. Qd2 cxd4 10. Nxd4 Nxd4 11. Bxd4 Bc5 12. Bxc5 Qxc5 13. O-O-O Ne7 14. Ne4 Qb6 15. Nd6+ Kf8 16. Qf4 Be8 17. Rd3 Ng6 18. Qg3 Qb4 19. Rf3 Rd8 20. a3 Qd4 21. Re1 Nxe5 22. Rf4 Nd3+ 23. cxd3 Qc5+ 24. Nc4 g5 25. Rf5 Qd4 26. Rxe6 dxc4 27. Qc7 Rd7 28. Rxe8+ Kxe8 29. Qb8+ Rd8 30. Qxb7 f6 31. Qg7 Rd6 32. Qxh8+ Ke7 33. Qg7+ Ke6 34. Qg8+ Ke7 35. Qxc4 Qb6 36. Qc5 1-0

[Event "27th OIBM 2024"]
[Site "Gmund am Tegernsee"]
[Date "2024.10.27"]
[Round "2.19"]
[White "Beisteiner, Joachim"]
[Black "Becker, Matthias"]
[Result "1-0"]
[ECO "C02"]
[WhiteElo "2129"]
[BlackElo "2338"]
[Annotator "RC"]
[PlyCount "107"]
[EventDate "2024.09.16"]
[EventType "swiss"]
[EventCountry "GER"]
[SourceTitle "playchess.com"]
[Source "ChessBase"]
[SourceQuality "1"]
[TimeControl "40/5400+30:1800+30"]

1. e4 e6 2. d4 d5 3. e5 c5 4. c3 Nc6 5. Nf3 Qb6 6. a3 c4 7. Nbd2 Na5 8. Rb1 Bd7 9. h4 Ne7 10. h5 h6 11. b4 cxb3 12. Nxb3 Ba4 13. Nfd2 Rc8 14. Rh3 Nec6 15. Bd3 Nxb3 16. Nxb3 Na5 17. Bc2 Nxb3 18. Bxb3 Bxb3 19. Rxb3 Qc6 20. Rg3 Rc7 21. Bd2 Qc4 22. Rb1 Kd8 23. f4 Kc8 24. Qf3 a5 25. f5 Bxa3 26. Rxg7 Bf8 27. Rg4 Be7 28. f6 Bd8 29. Qe2 Qa2 30. Qb5 Qc2 31. Rb2 Qf5 32. Rg7 Qxh5 33. Qxa5 Kb8 34. Ra2 Kc8 35. Qb5 Kb8 36. Qd3 Qh1+ 37. Kf2 h5 38. Qf1 Qh4+ 39. Kg1 Qe4 40. Qa1 b6 41. Ra8+ Kb7 42. Ra7+ Kb8 43. Rxc7 Bxc7 44. Rxf7 h4 45. Qe1 Qf5 46. Qf2 Qb1+ 47. Kh2 h3 48. g3 Qe4 49. Rg7 Kb7 50. f7 Ra8 51. Be1 Rf8 52. Bd2 Ra8 53. Bc1 b5 54. Rg8 1-0

[Event "27th OIBM 2024"]
[Site "Gmund am Tegernsee"]
[Date "2024.10.27"]
[Round "2.20"]
[White "Weber, Ulrich"]
[Black "Southcott-Moyers, Indy"]
[Result "1/2-1/2"]
[ECO "A06"]
[WhiteElo "2334"]
[BlackElo "2143"]
[Annotator "RC"]
[PlyCount "76"]
[EventDate "2024.09.16"]
[EventType "swiss"]
[EventCountry "GER"]
[SourceTitle "playchess.com"]
[Source "ChessBase"]
[SourceQuality "1"]
[TimeControl "40/5400+30:1800+30"]

1. Nf3 d5 2. b3 c5 3. e3 Nf6 4. Bb2 g6 5. c4 dxc4 6. bxc4 Bg7 7. Be2 O-O 8. O-O b6 9. d4 cxd4 10. exd4 Nc6 11. Re1 Ba6 12. Nbd2 Rc8 13. Nb3 Ne4 14. Rc1 Nd6 15. Qd2 Re8 16. Bf1 Nb8 17. Qb4 Bb7 18. Ne5 Nc6 19. Qa3 Nf5 20. Rcd1 Qc7 21. Nxc6 Bxc6 22. d5 Bxb2 23. Qxb2 Ba4 24. Bd3 Nd6 25. Rc1 Bxb3 26. axb3 a5 27. h4 Nb7 28. h5 Nc5 29. Bb1 e5 30. dxe6 Nxe6 31. h6 Qe7 32. Re3 Qf8 33. Bf5 Qxh6 34. Bxe6 Rxe6 35. Rxe6 fxe6 36. Re1 Qg7 37. Qxg7+ Kxg7 38. Rxe6 a4 1/2-1/2

[Event "27th OIBM 2024"]
[Site "Gmund am Tegernsee"]
[Date "2024.10.27"]
[Round "2.21"]
[White "Wagner, Julian"]
[Black "Zude, Arno"]
[Result "1/2-1/2"]
[ECO "D37"]
[WhiteElo "2123"]
[BlackElo "2332"]
[Annotator "RC"]
[PlyCount "81"]
[EventDate "2024.09.16"]
[EventType "swiss"]
[EventCountry "GER"]
[SourceTitle "playchess.com"]
[Source "ChessBase"]
[SourceQuality "1"]
[TimeControl "40/5400+30:1800+30"]

1. d4 Nf6 2. c4 e6 3. Nf3 d5 4. Nc3 a6 5. cxd5 exd5 6. Qc2 Bd6 7. Bg5 Be6 8. e3 Nbd7 9. Bd3 c6 10. O-O h6 11. Bh4 Qc7 12. Bg3 Bxg3 13. hxg3 O-O 14. Nh4 Rfe8 15. b4 Qd6 16. Rab1 b5 17. a4 Nb6 18. Nf3 Nc4 19. Bxc4 bxc4 20. Rfe1 g6 21. e4 dxe4 22. Ne5 Qxd4 23. Nxc6 Qd6 24. b5 axb5 25. axb5 Bf5 26. Rbd1 Qc5 27. Qd2 Ra3 28. Rc1 Kg7 29. Nd4 Bc8 30. Nc2 Ra7 31. Ne3 Be6 32. Qb2 Qa3 33. Qc2 Qb3 34. Nxe4 Qxc2 35. Nxc2 Nxe4 36. Rxe4 Rb8 37. Nd4 Bd5 38. Re5 Rd7 39. Nc6 Rxb5 40. Ne7 c3 41. Rxd5 1/2-1/2

[Event "27th OIBM 2024"]
[Site "Gmund am Tegernsee"]
[Date "2024.10.27"]
[Round "2.22"]
[White "Grewenig, Jan"]
[Black "Stopa, Jacek"]
[Result "0-1"]
[ECO "C08"]
[WhiteElo "2120"]
[BlackElo "2326"]
[Annotator "RC"]
[PlyCount "52"]
[EventDate "2024.09.16"]
[EventType "swiss"]
[EventCountry "GER"]
[SourceTitle "playchess.com"]
[Source "ChessBase"]
[SourceQuality "1"]
[TimeControl "40/5400+30:1800+30"]

1. e4 e6 2. d4 d5 3. Nd2 c5 4. exd5 exd5 5. Ngf3 Nf6 6. Bb5+ Bd7 7. Bxd7+ Nbxd7 8. O-O Be7 9. dxc5 Nxc5 10. Nb3 Nce4 11. Qd3 O-O 12. Be3 Re8 13. Rad1 Qc7 14. Nbd4 a6 15. Nf5 Bf8 16. Bd4 Rad8 17. Rfe1 Re6 18. Bxf6 Nxf6 19. Rxe6 fxe6 20. N5d4 Re8 21. Ng5 Qe5 22. f4 Qxf4 23. Ndxe6 Qe5 24. Rf1 Rxe6 25. Rxf6 Bc5+ 26. Kh1 Qxg5 0-1

[Event "27th OIBM 2024"]
[Site "Gmund am Tegernsee"]
[Date "2024.10.27"]
[Round "2.23"]
[White "Gschiel, Alexander"]
[Black "Butenandt, Svenja"]
[Result "1-0"]
[ECO "B13"]
[WhiteElo "2326"]
[BlackElo "2141"]
[Annotator "RC"]
[PlyCount "56"]
[EventDate "2024.09.16"]
[EventType "swiss"]
[EventCountry "GER"]
[SourceTitle "playchess.com"]
[Source "ChessBase"]
[SourceQuality "1"]
[TimeControl "40/5400+30:1800+30"]

1. d4 Nf6 2. c4 e6 3. Nf3 c5 4. e3 cxd4 5. exd4 d5 6. c5 Nc6 7. a3 a5 8. Nc3 Ne4 9. Na4 e5 10. dxe5 Bxc5 11. Nxc5 Nxc5 12. Bg5 Qd7 13. Qc2 Ne6 14. Bd2 Ned4 15. Nxd4 Nxd4 16. Qc5 Ne6 17. Qb6 O-O 18. Bxa5 Nf4 19. Bd2 Qg4 20. f3 Nxg2+ 21. Kf2 Qh4+ 22. Kxg2 Re8 23. Qf2 Qxf2+ 24. Kxf2 Bf5 25. h4 Rxe5 26. Rg1 Ra4 27. b4 Re6 28. Rg6 Re5 1-0

[Event "27th OIBM 2024"]
[Site "Gmund am Tegernsee"]
[Date "2024.10.27"]
[Round "2.24"]
[White "Rey Malde, Henrique"]
[Black "Farokhi, Keyvan"]
[Result "0-1"]
[ECO "C47"]
[WhiteElo "2118"]
[BlackElo "2320"]
[Annotator "RC"]
[PlyCount "102"]
[EventDate "2024.09.16"]
[EventType "swiss"]
[EventCountry "GER"]
[SourceTitle "playchess.com"]
[Source "ChessBase"]
[SourceQuality "1"]
[TimeControl "40/5400+30:1800+30"]

1. e4 e5 2. Nf3 Nc6 3. Nc3 Nf6 4. d4 exd4 5. Nxd4 Bb4 6. Nxc6 bxc6 7. Bd3 d5 8. exd5 O-O 9. O-O cxd5 10. h3 Rb8 11. a3 Be7 12. b4 c5 13. bxc5 Bxc5 14. Bf4 Rb7 15. Ba6 Rd7 16. Bb5 Re7 17. Re1 Rxe1+ 18. Qxe1 Qa5 19. Rb1 Bf5 20. Bd2 Qd8 21. Qc1 Qd6 22. Bf4 Bxf2+ 23. Kf1 Qc5 24. Na4 Qxc2 25. Qxc2 Bxc2 26. Rc1 Bxa4 27. Bxa4 Bb6 28. Bd6 Ra8 29. Bb3 h6 30. Be5 Rd8 31. a4 Ne4 32. Rd1 d4 33. Bc2 Nc3 34. Rd3 Rd5 35. Bg3 Rf5+ 36. Rf3 Rxf3+ 37. gxf3 d3 38. Bxd3 Nxa4 39. Bc2 Nc5 40. Ke2 Ne6 41. Bd1 Bc7 42. Bf2 a5 43. h4 h5 44. Be3 Bd8 45. Bd2 Nd4+ 46. Kd3 Nf5 47. Ke4 Nxh4 48. Kd5 Nf5 49. Kc6 h4 50. Bf4 h3 51. Bh2 Bh4 0-1